 Dungeon Crawl Stone Soup version 0.17.0-28-g6e173f8 (webtiles) character file.

192868 Lathuz the Peltast (level 17, -6/238 HPs)
             Began as a Minotaur Berserker on Nov 28, 2015.
             Was a High Priest of Trog.
             Mangled by a harpy (13 damage)
             ... summoned by Kirke
             ... on level 1 of the Swamp on Nov 29, 2015.
             The game lasted 02:15:25 (42064 turns).

Lathuz the Peltast (Minotaur Berserker)            Turns: 42064, Time: 02:15:27

Health: -6/238     AC:  0    Str: 30    XL:     17   Next: 62%
Magic:  0/16       EV: 23    Int:  5    God:    Trog [*****.]
Gold:   2480       SH:  0    Dex: 13    Spells: 0 memorised, 16 levels left

rFire  . . .     SeeInvis .     (weapon currently unavailable)
rCold  . . .     Clarity  .     (armour currently unavailable)
rNeg   . . .     SustAt   .     (shield currently unavailable)
rPois  .         Gourm    .     (helmet currently unavailable)
rElec  .         Spirit   +     (cloak currently unavailable)
rCorr  .         Warding  .     (gloves currently unavailable)
rMut   .         Stasis   .     (boots currently unavailable)
MR     +++..                    R - amulet of guardian spirit
Stlth  ..........               (ring currently unavailable)
                                (ring currently unavailable)

@: berserking, pig-form (expiring), regenerating, very quick, extremely
resistant to hostile enchantments, extremely unstealthy
A: (retaliatory headbutt), (horns 0)
a: Berserk, Trog's Hand, Brothers in Arms, Burn Spellbooks, Renounce Religion
}: 1/15 runes: gossamer


You were on level 1 of the Swamp.
You worshipped Trog.
Trog was extremely pleased with you.
You were hungry.
You were a filthy swine.
You visited 5 branches of the dungeon, and saw 32 of its levels.
You also visited: Sewer.

You collected 3179 gold pieces.
You spent 699 gold pieces at shops.

Inventory:

Hand Weapons
 C - the +11 morningstar "Eos" (melded) {elec, -Tele rElec SInv}
   (You found it on level 5 of the Dungeon)

   Occasionally, upon striking a foe, it will discharge some electrical energy
   and cause terrible harm.
   It insulates you from electricity.
   It lets you see invisible.
   It prevents most forms of teleportation.
Missiles
 q - 437 stones (quivered)
Armour
 a - a +2 pair of gloves (melded)
 d - a +0 plate armour (melded)
 k - a +1 cloak (melded)
 I - a +0 large shield (melded)
 M - a +0 pair of boots (melded)
Jewellery
 h - an uncursed ring of protection from cold
 i - a +5 ring of evasion (melded)
 o - a +4 ring of intelligence
 L - a +3 ring of strength
 R - an amulet of guardian spirit (around neck)
 S - a ring of poison resistance (melded)
 T - an uncursed ring of protection from magic
 Z - an uncursed ring of flight {unknown}
Wands
 b - a wand of fire (8)
 l - a wand of paralysis (10)
 E - a wand of draining (9)
 F - a wand of lightning (6)
 H - a wand of disintegration (0)
 U - a wand of cold (6)
 V - a wand of fire (8)
 Y - a wand of confusion (40)
Scrolls
 s - 14 scrolls of remove curse
 t - 6 scrolls of enchant armour
 v - 5 scrolls of recharging
 y - a scroll of blinking
 z - 14 scrolls of teleportation
 P - 3 scrolls of enchant weapon
 Q - 4 scrolls of magic mapping
 W - 5 scrolls of identify
Potions
 e - a potion of cancellation
 f - 4 potions of agility
 g - a potion of beneficial mutation {unknown}
 n - a potion of haste {unknown}
 p - 11 potions of curing
 u - 6 potions of flight
 w - 5 potions of might
 x - a potion of magic
 A - a potion of berserk rage {unknown}
 B - a potion of resistance {unknown}
 D - 3 potions of heal wounds
 G - 2 potions of ambrosia
 J - 3 potions of brilliance {unknown}
 O - a potion of cure mutation
 X - 4 potions of invisibility
Comestibles
 c - 2 bread rations
 j - 6 slices of pizza
 m - 11 beef jerkies
 r - 14 meat rations
 K - 9 royal jellies
 N - 13 fruits


   Skills:
 + Level 16.5 Fighting
   Level 10.2(14.2) Axes
 - Level 16.0(16.9) Maces & Flails
 + Level 16.4 Armour
 + Level 14.7 Dodging
 * Level 17.1 Shields


You had 16 spell levels left.
You didn't know any spells.

Dungeon Overview and Level Annotations

Branches:
Dungeon (15/15)            Temple (0/1) D:6            Lair (8/8) D:10
  Swamp (1/4) Lair:6       Spider (4/4) Lair:6        Slime (0/6) Lair:6
    Orc (4/4) D:10            Elf (0/3) Orc:4        Vaults (0/5) D:13
 Depths: D:15

Altars:
Fedhas
Gozag
Okawaru
Qazlal
Xom
Yredelemnul
Beogh
Jiyva

Shops:
D:10 [!   D:13 %   Orc:2 (   Orc:4 [(*:

Annotations:
D:13 exclusion: orange crystal statue
Swamp:1 Kirke


Innate Abilities, Weirdness & Mutations

((You reflexively headbutt those who attack you in melee.))
((You have a pair of horns on your head.))


Message History

Something tries to affect you, but you resist.
The harpy claws you.
* * * LOW HITPOINT WARNING * * *
The harpy claws you.
* * * LOW HITPOINT WARNING * * *
You hit something. The harpy barely misses you. The harpy closely misses you.
Something hits you.
* * * LOW HITPOINT WARNING * * *
The harpy barely misses you. The harpy closely misses you.
Unknown command.
You are too berserk!
You are too berserk!
You barely miss something.
The harpy screeches!
The harpy claws you!
* * * LOW HITPOINT WARNING * * *
The harpy claws you!
* * * LOW HITPOINT WARNING * * *
The harpy misses you. The harpy claws you!
You die...

♣≈≈≈.≈♣♣.≈≈≈≈≈≈≈♣ ♣≈.♣♣§≈♣♣♣♣
≈≈≈....≈♣.≈≈≈≈..♣♣ ♣.≈....♣♣♣♣
♣≈.≈≈.....≈≈≈≈..♣ ♣≈≈.≈≈≈.♣♣.
...≈≈≈≈≈.PP≈≈≈...♣♣ ♣♣♣♣≈≈.≈≈≈.♣.
≈.≈..≈≈P.PP.♣♣♣..§♣♣≈♣♣♣♣♣♣§≈≈..≈
..♣..≈≈PP.≈♣♣ ♣♣.....≈♣ ♣♣♣..≈≈≈
♣≈≈≈≈PP.≈♣♣ ♣≈≈≈≈≈.♣ ♣≈.≈≈≈≈≈
♣♣♣♣♣PP...♣♣ ♣♣H≈≈≈≈.♣ ♣≈.≈≈.≈≈
♣♣P...≈♣♣♣hhH≈≈.≈♣ ♣♣......
♣♣♣..♣.≈HH..≈≈≈.♣ ♣♣♣♣♣♣♣
♣♣♣♣≈≈≈≈§.≈≈≈.♣ ♣ ♣.≈≈≈..≈≈..♣ ♣
.≈ ♣♣.†..≈♣♣♣♣♣ ♣
≈≈♣.♣♣♣.†...≈♣♣♣ .♣♣
§≈≈..♣≈≈≈....≈.♣♣♣♣.≈≈
.♣.≈≈≈≈≈≈≈≈.≈≈≈..♣≈≈≈≈
≈.≈≈≈≈≈≈≈≈.♣.≈≈≈≈..≈≈≈


You could see 4 harpies and a hog.

Vanquished Creatures
  Nikola (Spider:4)
  Arachne (Spider:2)
  Rupert (D:12)
  Gastronok (D:10)
  Frances (Spider:1)
  3 thorn hunters (Swamp:1)
  Roxanne (D:15)
  Wiglaf (Spider:3)
  3 ghost moths
  Maud (D:11)
  An orc warlord (Orc:4)
  7 emperor scorpions
  Azrael (D:13)
  Snorg (D:12)
  2 vault guards (D:13)
  A fire dragon (Lair:8)
  The ghost of Nicoed the Transmogrifier, a journeyman DrTm of Makhleb (Lair:4)
  8 hydras
  2 entropy weavers
  An ice dragon (D:15)
  A rakshasa (D:15)
  A queen ant (Spider:4)
  An alligator (Swamp:1)
  2 centaur warriors (D:15)
  The ghost of cmdexe the Cleaver, a novice DsFi of Okawaru (D:10)
  2 orc high priests (Orc:4)
  5 skeletal warriors (D:15)
  A swamp dragon (Swamp:1)
  3 unseen horrors
  3 wizards
  A shambling mangrove (Swamp:1)
  4 hill giants
  3 manticores
  4 orc knights (Orc:4)
  A wolf spider zombie (D:15)
  An oklob plant (Lair:7)
  A moth of wrath (Spider:2)
  7 hornets
  27 wolf spiders
  4 orb spiders
  3 orc sorcerers
  2 griffons
  9 ugly things
  5 cyclopes
  25 elephants
  8 black mambas
  2 torpor snails (Spider:4)
  Psyche (D:11)
  33 spiny frogs
  A guardian serpent (Lair:8)
  7 demonic crawlers
  4 kobold demonologists
  3 fire drakes (Lair:8)
  9 komodo dragons
  12 jumping spiders
  The ghost of Scarn the Sneak, a novice GrAs (D:5)
  7 trolls
  4 polar bears
  A spriggan druid (Lair:7)
  A two-headed ogre (D:10)
  Grinder (D:6)
  3 boulder beetles
  A giant leech (Swamp:1)
  10 slime creatures
  23 blink frogs
  Sigmund (D:6)
  16 tarantellas
  31 redbacks
  2 deep elf magi (D:11)
  2 fire elementals (D:13)
  2 wraiths (D:10)
  4 steam dragons (Lair:8)
  17 humans (D:13)
  14 trapdoor spiders
  19 wolves
  Eustachio (D:4)
  A water elemental (D:13)
  4 wyverns
  37 yaks
  2 hogs (Swamp:1)
  A shadow (D:10)
  Grum (Lair:1)
  10 vampire mosquitoes
  4 basilisks
  3 hungry ghosts
  14 hippogriffs
  3 insubstantial wisps (Swamp:1)
  23 water moccasins
  Edmund (D:6)
  3 hell hounds (D:13)
  2 mottled dragons
  2 wargs (D:10)
  13 ice beasts
  23 spiders
  30 orc warriors
  6 swamp worms (Swamp:1)
  25 soldier ants
  A swamp drake (Lair:8)
  4 sky beasts
  10 porcupines
  A necrophage (D:12)
  3 ogres
  A black bear (D:10)
  6 wasps
  An eye of draining (D:11)
  2 phantoms
  8 centaurs
  8 big kobolds
  A brain worm (D:10)
  15 crocodiles
  A gnoll sergeant (D:7)
  22 giant frogs
  2 wyvern zombies (D:12)
  4 scorpions
  A water moccasin skeleton (D:8)
  8 killer bees
  13 wights
  4 electric eels
  7 centaur zombies
  10 crimson imps
  2 giant frog zombies
  7 centaur skeletons
  A giant frog skeleton (D:12)
  5 hounds
  A quasit (D:8)
  4 jellies
  17 orc priests
  21 orc wizards
  45 worker ants
  16 iguanas
  A killer bee zombie (D:8)
  4 sheep (D:14)
  2 hound skeletons
  9 gnolls
  4 worker ant zombies
  29 adders
  70 river rats
  8 oozes
  An adder skeleton (D:8)
  7 worms
  111 orcs
  4 bats
  6 giant cockroaches
  7 hobgoblins
  18 kobolds
  7 quokkas
  6 ball pythons
  7 giant geckos
  4 giant newts
  7 goblins
  21 jackals
  A jackal skeleton (D:8)
  A quokka zombie (D:5)
  8 rats
  A fungus (Lair:6)
  3 plants
1204 creatures vanquished.

Vanquished Creatures (collateral kills)
  A ghost moth (Spider:3)
  The ghost of Nicoed the Transmogrifier, a journeyman DrTm of Makhleb (Lair:2)
  4 orb spiders
  2 wolf spiders (Spider:3)
  2 black mambas (Lair:7)
  A torpor snail (Spider:1)
  2 demonic crawlers (Spider:3)
  2 jumping spiders
  2 blink frogs (Lair:7)
  3 redbacks
  3 tarantellas
  3 humans (D:13)
  A water moccasin (Lair:7)
  An orc warrior (D:13)
  A wasp (Spider:4)
  4 spiders
  5 sheep (Lair:5)
  10 river rats
  An adder (Lair:7)
49 creatures vanquished.

Vanquished Creatures (others)
  An orb spider (Spider:2)
  A centaur zombie (D:15)
  A fire drake (Lair:7)
  A water elemental (D:13)
  A spider (Spider:1)
  An electric eel (D:13)
  4 bushes
  83 fungi
  88 plants
181 creatures vanquished.

Grand Total: 1434 creatures vanquished

Notes
Turn   | Place    | Note
--------------------------------------------------------------
     0 | D:1      | Lathuz the Minotaur Berserker began the quest for the Orb.
     0 | D:1      | Reached XP level 1. HP: 19/19 MP: 0/0
   287 | D:1      | Reached skill level 4 in Axes
   781 | D:2      | Reached XP level 2. HP: 21/26 MP: 1/1
   960 | D:2      | Reached skill level 5 in Axes
  1106 | D:2      | Reached XP level 3. HP: 31/31 MP: 2/2
  1375 | D:2      | Found a faded altar to an unknown god.
  1888 | D:3      | Reached skill level 6 in Axes
  1888 | D:3      | Reached XP level 4. HP: 25/39 MP: 3/3
  1891 | D:3      | Reached ** piety under Trog
  2396 | D:3      | Found a blossoming altar of Fedhas.
  2692 | D:3      | Reached XP level 5. HP: 41/45 MP: 4/4
  2861 | D:4      | Reached skill level 7 in Axes
  2914 | D:4      | Noticed a phantom
  2925 | D:4      | Killed a phantom
  3153 | D:4      | Found a glowing drain.
  3164 | Sewer    | Entered a sewer
  3195 | Sewer    | Reached skill level 8 in Axes
  3247 | Sewer    | Reached XP level 6. HP: 51/51 MP: 5/5
  3353 | Sewer    | Reached skill level 9 in Axes
  3783 | Sewer    | Reached XP level 7. HP: 48/57 MP: 6/6
  4057 | Sewer    | Reached *** piety under Trog
  4057 | Sewer    | Reached skill level 10 in Axes
  4578 | D:4      | Found a basalt altar of Yredelemnul.
  4724 | D:4      | Noticed Eustachio
  4750 | D:5      | Entered Level 5 of the Dungeon
  4750 | D:5      | Noticed Scarn's ghost (novice GrAs)
  5217 | D:5      | Found a shimmering altar of Xom.
  5217 | D:5      | Found a stormy altar of Qazlal.
  5218 | D:5      | Found an opulent altar of Gozag.
  5235 | D:4      | Killed Eustachio
  5235 | D:4      | Reached skill level 5 in Fighting
  5235 | D:4      | Reached XP level 8. HP: 68/68 MP: 7/7
  5559 | D:5      | Killed Scarn's ghost
  5559 | D:5      | Reached skill level 5 in Armour
  6297 | D:5      | Reached **** piety under Trog
  6620 | D:5      | Reached skill level 1 in Maces & Flails
  7204 | D:6      | Noticed Sigmund
  7212 | D:6      | Killed Sigmund
  7370 | D:6      | Noticed Edmund
  7376 | D:6      | Killed Edmund
  7376 | D:6      | Reached skill level 5 in Maces & Flails
  7376 | D:6      | Reached XP level 9. HP: 79/79 MP: 8/8
  7890 | D:6      | Noticed Grinder
  7893 | D:6      | Paralysed by Grinder for 5 turns
  7902 | D:6      | Killed Grinder
  7967 | D:6      | Found a staircase to the Ecumenical Temple.
  8973 | D:7      | Reached skill level 10 in Maces & Flails
  9799 | D:7      | Reached skill level 11 in Maces & Flails
  9833 | D:7      | Reached XP level 10. HP: 86/86 MP: 9/9
 10297 | D:8      | Reached ***** piety under Trog
 10309 | D:8      | Reached skill level 12 in Maces & Flails
 11571 | D:9      | Reached skill level 13 in Maces & Flails
 11623 | D:10     | Entered Level 10 of the Dungeon
 11863 | D:10     | Found a staircase to the Lair.
 11943 | D:10     | Found Lizept's Armour Boutique.
 11945 | D:10     | Found a staircase to the Orcish Mines.
 11948 | D:10     | Found Haoberig's Weapon Boutique.
 11989 | D:10     | Reached skill level 14 in Maces & Flails
 12292 | D:10     | Reached XP level 11. HP: 88/92 MP: 10/10
 12386 | D:10     | Noticed cmdexe's ghost (novice DsFi)
 12391 | D:10     | Killed cmdexe's ghost
 12391 | D:10     | Reached skill level 15 in Maces & Flails
 12527 | D:10     | Noticed Gastronok
 12538 | D:10     | Found Zifygi's Distillery.
 12542 | D:10     | Killed Gastronok
 12589 | D:10     | Bought a potion of heal wounds for 65 gold pieces
 12589 | D:10     | Bought a potion of agility for 52 gold pieces
 12589 | D:10     | Bought a potion of cure mutation for 455 gold pieces
 12637 | D:10     | Reached skill level 16 in Maces & Flails
 12953 | D:10     | Received a gift from Trog
 13153 | Lair:1   | Entered Level 1 of the Lair of Beasts
 13325 | Lair:1   | Noticed Grum
 13334 | Lair:1   | Killed Grum
 13575 | Lair:1   | Noticed a five-headed hydra
 13582 | Lair:1   | Killed a five-headed hydra
 14274 | Lair:2   | Noticed a four-headed hydra
 14282 | Lair:2   | Killed a four-headed hydra
 14419 | Lair:2   | Reached XP level 12. HP: 106/106 MP: 11/11
 14433 | Lair:2   | Noticed a six-headed hydra
 14444 | Lair:2   | Killed a six-headed hydra
 14444 | Lair:2   | Reached skill level 10 in Fighting
 14448 | Lair:2   | Noticed Nicoed's ghost (journeyman DrTm)
 14476 | Lair:2   | Killed Nicoed's ghost
 14476 | Lair:2   | Reached skill level 10 in Armour
 15304 | Lair:3   | Received a gift from Trog
 15625 | Lair:3   | Found a frozen archway.
 16651 | Lair:4   | Noticed Nicoed's ghost (journeyman DrTm)
 16660 | Lair:4   | Killed Nicoed's ghost
 17554 | Lair:5   | Reached skill level 5 in Dodging
 18187 | Lair:5   | Received a gift from Trog
 18814 | Lair:6   | Reached XP level 13. HP: 88/118 MP: 8/12
 19132 | Lair:6   | Found a staircase to the Swamp.
 19288 | Lair:6   | Found a staircase to the Slime Pits.
 19310 | Lair:6   | Found a viscous altar of Jiyva.
 19417 | Lair:6   | Noticed a seven-headed hydra
 19423 | Lair:6   | Killed a seven-headed hydra
 19658 | Lair:6   | Found a hole to the Spider Nest.
 21049 | Lair:7   | Received a gift from Trog
 21400 | Lair:7   | Reached skill level 10 in Dodging
 22530 | Lair:8   | Entered Level 8 of the Lair of Beasts
 23140 | Lair:8   | Received a gift from Trog
 23163 | Lair:8   | Reached XP level 14. HP: 83/129 MP: 11/13
 24717 | Lair:8   | Reached ****** piety under Trog
 24769 | Lair:8   | Received a gift from Trog
 26297 | Lair:8   | Reached skill level 1 in Shields
 26960 | Orc:1    | Entered Level 1 of the Orcish Mines
 27087 | Orc:1    | Received a gift from Trog
 27475 | Orc:2    | Found Cerigudda's Antique Weapon Emporium.
 27529 | Orc:2    | Found a roughly hewn altar of Beogh.
 27583 | Orc:2    | Found an iron altar of Okawaru.
 27900 | Orc:4    | Entered Level 4 of the Orcish Mines
 27900 | Orc:4    | Found a staircase to the Elven Halls.
 28167 | Orc:4    | Reached skill level 5 in Shields
 28207 | Orc:4    | Noticed an orc warlord
 28216 | Orc:4    | Killed an orc warlord
 28353 | Orc:4    | Found Zoepp's General Store.
 28365 | Orc:4    | Bought a scroll of blinking for 127 gold pieces
 28400 | Orc:4    | Reached XP level 15. HP: 139/139 MP: 14/14
 28421 | Orc:4    | Found Qutzi's Antique Weapon Shoppe.
 28468 | Orc:4    | Received a gift from Trog
 28686 | Orc:4    | Found Astrask's Antique Armour Emporium.
 28851 | Orc:4    | Found Qeekk's Book Shoppe.
 29074 | Orc:4    | Found a roughly hewn altar of Beogh.
 29350 | D:11     | Noticed Maud
 29363 | D:11     | Killed Maud
 29880 | D:11     | Noticed Psyche
 29889 | D:11     | Killed Psyche
 30725 | D:12     | Noticed Snorg
 30735 | D:12     | Killed Snorg
 30735 | D:12     | Reached skill level 10 in Shields
 30925 | D:12     | Noticed Rupert
 30928 | D:12     | Paralysed by Rupert for 7 turns
 30950 | D:12     | Killed Rupert
 31865 | D:12     | Received a gift from Trog
 32080 | D:13     | Noticed Azrael
 32315 | D:13     | Found Asuw's Food Boutique.
 32662 | D:13     | Killed Azrael
 33135 | D:13     | Found a gate to the Vaults.
 34907 | D:15     | Entered Level 15 of the Dungeon
 34988 | D:15     | Reached skill level 15 in Fighting
 35148 | D:15     | Reached XP level 16. HP: 128/149 MP: 15/15
 35387 | D:15     | Received a gift from Trog
 35679 | D:15     | Noticed Roxanne
 35822 | D:15     | Killed Roxanne
 35824 | D:15     | Identified Roxanne's Incunabulum of Earthen Shape Shifting (You took it off Roxanne on level 15 of the Dungeon)
 36296 | Spider:1 | Entered Level 1 of the Spider Nest
 36319 | Spider:1 | Reached skill level 15 in Armour
 36436 | Spider:1 | Noticed Frances
 36452 | Spider:1 | Killed Frances
 37170 | Spider:2 | Noticed Arachne
 37187 | Spider:2 | Killed Arachne
 37187 | Spider:2 | Received a gift from Trog
 37206 | Spider:1 | Reached skill level 15 in Shields
 37822 | Spider:2 | You fall through a shaft!
 37956 | Spider:4 | Entered Level 4 of the Spider Nest
 38217 | Spider:4 | Received a gift from Trog
 38370 | Spider:4 | Noticed Nikola
 38386 | Spider:4 | Killed Nikola
 38909 | Spider:4 | Reached XP level 17. HP: 131/158 MP: 16/16
 39095 | Spider:3 | Noticed Wiglaf
 39108 | Spider:3 | Killed Wiglaf
 39485 | Spider:3 | Received a gift from Trog
 40689 | Spider:4 | Got a gossamer rune of Zot
 41428 | Swamp:1  | Entered Level 1 of the Swamp
 41943 | Swamp:1  | Reached skill level 17 in Shields
 42004 | Swamp:1  | Noticed Kirke
 42064 | Swamp:1  | HP: 7/238 [harpy[Kirke] (6)]
 42064 | Swamp:1  | Mangled by a harpy

Action                   |  1- 3 |  4- 6 |  7- 9 | 10-12 | 13-15 | 16-18 || total
-------------------------+-------+-------+-------+-------+-------+-------++-------
Melee: Hand axe          |    60 |    31 |       |       |       |       ||    91
       War axe           |       |   102 |   171 |       |       |       ||   273
       Morningstar       |       |       |   150 |   494 |  1249 |   872 ||  2765
       Unarmed           |       |       |       |       |       |    21 ||    21
Throw: Stone             |    62 |   157 |   226 |   434 |   982 |   453 ||  2314
Invok: Berserk           |     1 |     4 |     7 |    10 |    15 |     7 ||    44
       Burn Spellbooks   |       |       |     1 |     2 |     2 |     2 ||     7
       Brothers in Arms  |       |       |       |     2 |     6 |     6 ||    14
       Trog's Hand       |       |       |       |     1 |     3 |     1 ||     5
Evoke: Wand              |       |       |       |       |     2 |       ||     2
  Use: Scroll            |     6 |       |     7 |     6 |    10 |     2 ||    31
       Potion            |       |       |     1 |       |       |     3 ||     4
  Eat: Chunk             |     4 |     9 |    13 |    24 |    50 |     4 ||   104
       Bread ration      |       |       |     4 |     3 |     4 |     5 ||    16
       Pizza             |       |       |       |     1 |       |     1 ||     2
       Royal jelly       |       |       |       |       |     1 |       ||     1
       Fruit             |       |       |       |       |     1 |     4 ||     5
